 Dungeon Crawl Stone Soup version 0.27.1-33-g824d729ab1 (webtiles) character file.

Game seed: 13733351395894765527

207 jlumianski the Chopper (level 5, -3/33 HPs)
             Began as a Gargoyle Monk on Dec 11, 2021.
             Killed from afar by Terence (5 damage)
             ... with a puff of flame
             ... on level 2 of the Dungeon.
             The game lasted 00:07:09 (2173 turns).

jlumianski the Chopper (Gargoyle Monk)              Turns: 2173, Time: 00:07:10

Health: -3/33      AC:  7    Str: 16    XL:     5   Next: 85%
Magic:  5/5        EV: 12    Int: 10    God:
Gold:   54         SH:  0    Dex: 12    Spells: 4/4 levels left

rFire    . . .     SeeInvis .   a - +0 hand axe
rCold    . . .     Faith    .   (no shield)
rNeg     + . .     Spirit   .   m - +0 leather armour
rPois    ∞         Reflect  .   (no helmet)
rElec    +         Harm     .   (no cloak)
rCorr    .         Rampage  .   (no gloves)
Will     .....                  (no boots)
Stlth    ++........             (no amulet)
HPRegen  0.11/turn              (no ring)
MPRegen  0.09/turn              (no ring)

@: mighty
A: sickness immunity, AC +4, negative energy resistance 1, electricity
resistance, torment resistance 1, petrification resistance
a: no special abilities


You were on level 2 of the Dungeon.
You visited 1 branch of the dungeon, and saw 3 of its levels.

You collected 54 gold pieces.

Inventory:

Hand Weapons
 a - a +0 hand axe (weapon)
 g - a +0 hunting sling
Missiles
 c - 106 stones
 d - 44 sling bullets
 j - a throwing net (quivered)
Armour
 b - a +0 robe
 m - a +0 leather armour (worn)
Jewellery
 k - an amulet of magic regeneration
Scrolls
 e - a scroll of teleportation {unknown}
 h - a scroll of amnesia {unknown}
 i - 2 scrolls of identify {unknown}
Potions
 f - a potion of resistance {unknown}


   Skills:
 + Level 4.1 Fighting
 + Level 4.3 Axes
 + Level 1.1 Throwing
 + Level 3.1 Dodging
 + Level 3.0 Stealth


You had 4 spell levels left.
You didn't know any spells.
Your spell library was empty.

Dungeon Overview and Level Annotations

Branches:
Dungeon (3/15)

Altars:
Zin

Annotations:
D:2 Terence


Innate Abilities, Weirdness & Mutations

You are immune to sickness and miasma.
Your stone body is resilient. (AC +4)
You are immune to poison.
You resist negative energy. (rN+)
You are resistant to electric shocks. (rElec)
You are resistant to unholy torment.
You are immune to petrification.


Message History

You hit Terence.
Terence is lightly wounded.
Terence barely misses you.
You hit Terence.
Terence is heavily wounded.
Terence zaps a wand.
The puff of flame misses you.
You barely miss Terence.
Terence is moderately wounded.
Terence hits you but does no damage.
Terence zaps a wand.
The puff of flame hits you.
You hit Terence.
Terence is heavily wounded.
Terence zaps a wand.
The puff of flame hits you.
You hit Terence but do no damage.
Terence is heavily wounded.
Terence completely misses you.
You hit Terence.
Terence is heavily wounded.
Terence zaps a wand.
The puff of flame hits you.
You barely miss Terence.
Terence is heavily wounded.
Terence misses you.
You hit Terence but do no damage.
Terence is heavily wounded.
Terence zaps a wand.
The puff of flame hits you!
You hit Terence but do no damage.
Terence is heavily wounded.
Terence hits you with a +0 mace.
* * * LOW HITPOINT WARNING * * *
You feel very mighty all of a sudden.
Terence zaps a wand.
The puff of flame hits you but does no damage.
You slash Terence!
Terence is almost dead.
Terence zaps a wand.
The puff of flame hits you.
* * * LOW HITPOINT WARNING * * *
You barely miss Terence.
Terence is almost dead.
Terence zaps a wand.
The puff of flame hits you.
You die...

### #<......# #.#.# ..#
####.#### #.#.###
..####...# #.#...#
#.#......# #.###.#
.........#### #.# #.#
#...._......# #.#
#.......###.# # #.#
#.......# #.# ####.# #.#
#..#.#.####.###.@@.# #.#
...#.........##.######.#
##.##..###.#.##........#
##........###...########
...##..#.#.#.##.#
##.##........##.#
#)###.#.######.#
##.###.#.# #.#
.........######.#


You could see Terence.

Vanquished Creatures
  Sigmund (D:2)
  2 adders (D:2)
  3 dart slugs
  5 endoplasms
  A hobgoblin (D:1)
  5 quokkas
  3 ball pythons
  5 bats
  3 frilled lizards
  4 goblins
  A kobold (D:2)
  3 rats
36 creatures vanquished.

Notes
Turn   | Place    | Note
-------+----------+-------------------------------------------
     0 | D:1      | jlumianski the Gargoyle Monk began the quest for the Orb.
     0 | D:1      | Reached XP level 1. HP: 14/14 MP: 1/1
    15 | D:2      | Found a glowing silver altar of Zin.
   412 | D:2      | Reached XP level 2. HP: 19/19 MP: 2/2
   460 | D:1      | Found a faded altar of an unknown god.
  1281 | D:2      | Noticed Terence
  1412 | D:2      | Reached XP level 3. HP: 23/23 MP: 3/3
  1498 | D:2      | Noticed Sigmund
  1520 | D:2      | Killed Sigmund
  1521 | D:2      | Reached skill level 1 in Throwing
  1521 | D:2      | Reached XP level 4. HP: 16/29 MP: 4/4
  1521 | D:2      | Reached XP level 5. HP: 18/33 MP: 5/5
  2173 | D:2      | Killed from afar by Terence

Illustrated notes

Levels and vault maps discovered:
D:1:      dpeg_arrival_stonehenge_8_columns, layout_loops_corners,
          dreamdust_ecumenical_altar_angels_and_demons
D:2:      layout_loops_ring, basic_altar, chequers_hall_statues_wall_a,
          minmay_indecisive_spiral, uniq_sigmund, uniq_terence
D:3:      layout_loops_cross, mainiacjoe_overflow_six_doors_small,
          uniq_crazy_yiuf_cottage, uniq_jessica

Skill      XL: |  1  2  3  4  5 |
---------------+----------------+-----
Axes           | 3 4 |  4.3
Fighting       | 4 |  4.1
Throwing       | 1 |  1.1
Dodging        | 3 |  3.1
Stealth        | 3 |  3.0

Action                   |  1- 3 |  4- 6 || total
-------------------------+-------+-------++-------
Melee: Hand axe          |    68 |    52 ||   120
Throw: Stone             |    22 |       ||    22
       Throwing net      |     1 |       ||     1
  Use: Potion            |     2 |     1 ||     3
 Stab: Sleeping          |     3 |     1 ||     4
       Held in net/web   |     1 |       ||     1
Armor: Robe              |    24 |    11 ||    35
       Leather armour    |       |     9 ||     9
Dodge: Dodged            |    49 |    47 ||    96
